 Dungeon Crawl Stone Soup version 0.30.1-11-g7821555f0a (webtiles) character file.

Game seed: 4830002071700131776

246 jtron the Chopper (level 6, 0/47 HPs)
             Began as a Gnoll Wanderer on Nov 26, 2023.
             Slain by an iguana (12 damage)
             ... on level 4 of the Dungeon.
             The game lasted 00:10:12 (3444 turns).

jtron the Chopper (Gnoll Wanderer)                  Turns: 3444, Time: 00:10:12

Health: 0/47       AC:  5    Str: 14    XL:     6   Next: 11%
Magic:  8/8        EV: 13    Int:  8    God:
Gold:   201        SH:  0    Dex: 14    Spells: 8/8 levels left

rFire   . . .        a - +3 hand axe (spect)
rCold   + . .        (no shield)
rNeg    . . .        e - +0 leather armour
rPois   .            (no helmet)
rElec   .            c - +0 cloak
rCorr   .            (no gloves)
SInv    .            o - +0 pair of boots
Will    .....        f - amulet of the acrobat
Stlth   ++           q - ring of protection from cold
HPRegen 0.27/turn    (no ring)
MPRegen 0.11/turn

%: acrobat
@: no status effects
A: fangs 1, strong nose, distributed training
a: no special abilities


You were on level 4 of the Dungeon.
You visited 1 branch of the dungeon, and saw 4 of its levels.

You collected 201 gold pieces.

Inventory:

Hand Weapons
 a - a +3 spectral hand axe (weapon)
 b - a +0 short sword
Missiles
 g - 11 poisoned darts (quivered)
 i - 32 stones
Armour
 c - a +0 cloak (worn)
 e - a +0 leather armour (worn)
 o - a +0 pair of boots (worn)
Jewellery
 f - an amulet of the acrobat (around neck)
 q - a ring of protection from cold (left hand)
Wands
 t - a wand of quicksilver (8)
Potions
 d - a potion of might
 h - 3 potions of cancellation
 k - a potion of attraction {unknown}
 l - a potion of haste {unknown}
 m - a potion of invisibility {unknown}
 n - a potion of lignification {unknown}
 p - a potion of heal wounds {unknown}
 u - 3 potions of curing


   Skills:
 + Level 3.2 Fighting
 + Level 4.9 Short Blades
 + Level 1.9 Long Blades
 + Level 6.8 Axes
 + Level 1.9 Maces & Flails
 + Level 1.9 Polearms
 + Level 1.9 Staves
 + Level 1.9 Ranged Weapons
 + Level 1.9 Throwing
 + Level 1.9 Armour
 + Level 4.9 Dodging
 + Level 3.0 Stealth
 + Level 1.9 Shields
 + Level 1.9 Unarmed Combat
 + Level 1.9 Spellcasting
 + Level 1.5 Conjurations
 + Level 1.5 Hexes
 + Level 1.5 Summonings
 + Level 1.5 Necromancy
 + Level 1.5 Translocations
 + Level 1.5 Transmutations
 + Level 1.5 Fire Magic
 + Level 1.5 Ice Magic
 + Level 1.5 Air Magic
 + Level 1.5 Earth Magic
 + Level 1.5 Poison Magic
 + Level 2.1 Invocations
 + Level 3.2 Evocations


You had 8 spell levels left.
You didn't know any spells.
Your spell library contained the following spells:

 Spells                   Type           Power      Damage    Failure   Level
 Shock                    Conj/Air       12%        1d3       24%         1
 Sting                    Tmut/Pois      12%        1d3       24%         1
 Poisonous Vapours        Pois/Air       6%         N/A       36%         2
 Swiftness                Air            3%         N/A       58%         3
 Airstrike                Air            1%         2d(1-17)  94%         4
 Olgreb's Toxic Radiance  Pois           3%         N/A       94%         4


Dungeon Overview and Level Annotations

Branches:
Dungeon (4/15)
 Temple: D:4-7

Altars:
The Shining One

Shops:
D:2 =

Annotations:
D:3 1 runed translucent door, Azazsd's ghost, amateur GrFi


Innate Abilities, Weirdness & Mutations

You have very sharp teeth.
Your uncanny sense of smell can sniff out nearby items.
Your experience applies equally to all skills.


Message History

The iguana is almost dead.
The iguana bites you!
You hit the iguana but do no damage.
The iguana is almost dead.
The iguana bites you.
You hit the iguana.
You kill the iguana!
You have reached level 6!
You start resting.
HP restored.
The iguana hisses angrily.
An endoplasm comes into view.
You completely miss the iguana. The iguana bites you!
You completely miss the iguana. The iguana closely misses you.
You barely miss the iguana. Your bite misses the iguana. The iguana bites you!
You closely miss the iguana. The iguana bites you.
You barely miss the iguana. The iguana closely misses you.
You hit the iguana. You bite the iguana, but do no damage.
The iguana is moderately wounded.
The iguana bites you.
Throw: 12 darts (poison)
Press: ? - help, Q - select action, (/) - cycle Shift-Dir - straight line, f - iguana
Aim: an iguana (moderately wounded, 63% to hit)
You throw a poisoned dart. The poisoned dart hits the iguana.
The iguana is poisoned.
The iguana is moderately wounded.
You hit the iguana.
The iguana is heavily wounded.
The iguana barely misses you.
You hit the iguana but do no damage.
The iguana is heavily wounded.
The iguana bites you!
You barely miss the iguana.
The iguana is heavily wounded.
The iguana bites you.
* * * LOW HITPOINT WARNING * * *
You hit the iguana.
The iguana is almost dead.
The iguana bites you!
You die...

#############...........[#
##........#### ##....####
#....# #....# #....#
#....# ##.### #@#
######l#######.
..........(.....
..........l.$...
................
..............(.
................
####............
#............


You could see an iguana (poisoned).

Vanquished Creatures
  A hound (D:3)
  2 orc priests
  An iguana (D:4)
  3 adders
  A worm (D:3)
  13 orcs
  6 ball pythons
  7 bats
  4 endoplasms
  5 giant cockroaches
  5 goblins
  6 hobgoblins
  10 jackals
  3 quokkas
  2 frilled lizards
  7 kobolds
  7 rats
83 creatures vanquished.

Notes
Turn   | Place    | Note
-------+----------+-------------------------------------------
     0 | D:1      | jtron the Gnoll Wanderer began the quest for the Orb.
     0 | D:1      | jtron set off with the following items: a +2 hand axe, a +0
                  | short sword, a +0 cloak, a potion of might, a +0 leather
                  | armour.
     0 | D:1      | Reached XP level 1. HP: 17/17 MP: 1/1
   215 | D:1      | Reached XP level 2. HP: 23/23 MP: 2/2
   492 | D:1      | Reached XP level 3. HP: 25/28 MP: 3/3
   863 | D:2      | Reached skill level 1 in Invocations
   875 | D:2      | Found Diesonuq's Jewellery Shop.
  1019 | D:2      | Reached skill level 1 in Long Blades
  1019 | D:2      | Reached skill level 1 in Maces & Flails
  1019 | D:2      | Reached skill level 1 in Polearms
  1019 | D:2      | Reached skill level 1 in Staves
  1019 | D:2      | Reached skill level 1 in Ranged Weapons
  1019 | D:2      | Reached skill level 1 in Throwing
  1019 | D:2      | Reached skill level 1 in Armour
  1019 | D:2      | Reached skill level 1 in Shields
  1019 | D:2      | Reached skill level 1 in Unarmed Combat
  1019 | D:2      | Reached skill level 1 in Spellcasting
  1213 | D:2      | Found a glowing golden altar of the Shining One.
  1460 | D:3      | Reached XP level 4. HP: 34/34 MP: 5/5
  1624 | D:3      | Reached skill level 1 in Conjurations
  1624 | D:3      | Reached skill level 1 in Hexes
  1624 | D:3      | Reached skill level 1 in Summonings
  1624 | D:3      | Reached skill level 1 in Necromancy
  1624 | D:3      | Reached skill level 1 in Translocations
  1624 | D:3      | Reached skill level 1 in Transmutations
  1624 | D:3      | Reached skill level 1 in Fire Magic
  1624 | D:3      | Reached skill level 1 in Ice Magic
  1624 | D:3      | Reached skill level 1 in Air Magic
  1624 | D:3      | Reached skill level 1 in Earth Magic
  1624 | D:3      | Reached skill level 1 in Poison Magic
  1809 | D:3      | Found a runed translucent door.
  1813 | D:3      | Noticed Azazsd's ghost (amateur GrFi)
  2128 | D:3      | Reached XP level 5. HP: 32/40 MP: 5/7
  3343 | D:4      | Reached XP level 6. HP: 24/47 MP: 8/8
  3444 | D:4      | Slain by an iguana

Illustrated notes

Levels and vault maps discovered:
D:1:      dpeg_chamrin_arrival_tetris, layout_basic
D:2:      layout_rooms, basic_altar, serial_shops, shop
D:3:      layout_basic, serial_rivers, chequers_serial_rivers_micro_e,
          chequers_serial_rivers_micro_b, chequers_serial_rivers_small_3,
          chequers_serial_rivers_micro_e, ebering_ghost_inner_flame,
          chequers_garden
D:4:      layout_basic, vehumet_altar_wand_db, uniq_ijyb, uniq_eustachio

Skill      XL: |  1  2  3  4  5 |
---------------+----------------+-----
Invocations    | 1 2 |  2.1
Long Blades    | 1 |  1.9
Maces & Flails | 1 |  1.9
Polearms       | 1 |  1.9
Staves         | 1 |  1.9
Ranged Weapons | 1 |  1.9
Throwing       | 1 |  1.9
Armour         | 1 |  1.9
Shields        | 1 |  1.9
Unarmed Combat | 1 |  1.9
Spellcasting   | 1 |  1.9
Conjurations   | 1 |  1.5
Hexes          | 1 |  1.5
Summonings     | 1 |  1.5
Necromancy     | 1 |  1.5
Translocations | 1 |  1.5
Transmutations | 1 |  1.5
Fire Magic     | 1 |  1.5
Ice Magic      | 1 |  1.5
Air Magic      | 1 |  1.5
Earth Magic    | 1 |  1.5
Poison Magic   | 1 |  1.5
Fighting       | 3 |  3.2
Evocations     | 3 |  3.2
Stealth        | 3 |  3.0
Short Blades   | |  4.9
Axes           | |  6.8
Dodging        | |  4.9

Action                     |  1- 3 |  4- 6 || total
---------------------------+-------+-------++-------
  Melee: Hand axe          |    91 |   146 ||   237
         Bite              |     6 |     9 ||    15
         Punch             |       |     2 ||     2
  Throw: Dart              |     3 |     9 ||    12
    Use: Scroll            |       |    10 ||    10
   Stab: Sleeping          |     5 |     3 ||     8
 Armour: Leather armour    |    20 |    24 ||    44
  Dodge: Dodged            |    81 |   102 ||   183
